 Dungeon Crawl Stone Soup version 0.31-a0-1388-g4b2ba238e7 (webtiles) character file.

Game seed: 13723261572759522755

9279 inmateoo the Spear-Bearer (level 11, -4/78 HPs)
             Began as a Merfolk Artificer on Dec 24, 2023.
             Was an Elder of Hepliaklqana.
             Slain by Urug
             ... wielding a +5 great mace of protection
              (32 damage)
             ... on level 10 of the Dungeon.
             The game lasted 00:13:34 (10675 turns).

inmateoo the Spear-Bearer (Merfolk Artificer)      Turns: 10675, Time: 00:13:35

Health: -4/78      AC: 11    Str: 17    XL:     11   Next: 44%
Magic:  15/15      EV: 15    Int: 11    God:    Hepliaklqana [****..]
Gold:   1281       SH:  5    Dex: 14    Spells: 10/10 levels left

rFire   . . .        A - +4 spear (heavy)
rCold   . . .        B - +0 buckler
rNeg    . . .        n - +0 ring mail
rPois   +            o - +0 helmet
rElec   .            w - +1 cloak
rCorr   +            b - +0 pair of gloves
SInv    .            v - +0 pair of boots
Will    .....        (no amulet)
Stlth   ++           f - ring of poison resistance
HPRegen 0.33/turn    E - ring of resist corrosion
MPRegen 0.14/turn

%: no passive effects
@: no status effects
A: reduced essence, (nimble swimmer 2), mertail
a: Renounce Religion, Recall Ancestor, Ancestor Identity, Transference, Idealise


You were on level 10 of the Dungeon.
You worshipped Hepliaklqana.
Hepliaklqana was greatly pleased with you.
You visited 1 branch of the dungeon, and saw 10 of its levels.
You also visited: Bailey.

You collected 1281 gold pieces.

Inventory:

Hand Weapons
 q - a +0 trident
 A - a +4 heavy spear (weapon)
Missiles
 g - 5 throwing nets (quivered)
Armour
 b - a +0 pair of gloves (worn)
 n - a +0 ring mail (worn)
 o - a +0 helmet (worn)
 v - a +0 pair of boots (worn)
 w - a +1 cloak (worn)
 B - a +0 buckler (worn)
Jewellery
 f - a ring of poison resistance (left hand)
 C - the ring "Deodgh" {rPois rC- MP+9 Int+9}
   (You found it in a bailey)

   [ring of magical power]

   Int+9:     It affects your intelligence (+9).
   rC-:       It makes you vulnerable to cold.
   rPois:     It protects you from poison MP+9: It affects your magic capacity
   (+9).
 E - a ring of resist corrosion (right hand)
Wands
 c - a wand of flame (14)
 d - a wand of charming (11)
 e - a wand of iceblast (4)
 y - a wand of quicksilver (17)
 D - a wand of roots (9)
Scrolls
 a - a scroll of fog
 h - 2 scrolls of teleportation
 l - 3 scrolls of poison
 m - 3 scrolls of immolation
 r - a scroll of fear
 s - a scroll of revelation
Potions
 i - a potion of brilliance
 j - 2 potions of haste
 k - a potion of might {unknown}
 p - a potion of mutation
 t - 4 potions of lignification
 u - 2 potions of enlightenment {unknown}
 x - 4 potions of invisibility {unknown}
 G - a potion of heal wounds


   Skills:
 + Level 8.5 Fighting
 + Level 12.2 Polearms
 + Level 4.5 Armour
 + Level 10.7 Dodging
 - Level 3.0 Stealth
 + Level 4.7 Shields
 - Level 6.0 Invocations
 - Level 3.0 Evocations


You had 10 spell levels left.
You didn't know any spells.
Your spell library contained the following spells:

 Spells                   Type           Power      Damage    Failure   Level
 Apportation              Tloc           0%         N/A       61%         1
 Foxfire                  Conj/Fire      0%         2x1d4     61%         1
 Freeze                   Ice            0%         1d3       61%         1
 Kiss of Death            Conj/Necr      0%         2d5       61%         1
 Magic Dart               Conj           0%         1d3       61%         1
 Necrotise                Necr           0%         1d4       61%         1
 Slow                     Hex            0%         N/A       61%         1
 Sting                    Conj/Alch      0%         1d3       61%         1
 Summon Small Mammal      Summ           0%         N/A       61%         1
 Jinxbite                 Hex            0%         N/A       75%         2
 Scorch                   Fire           0%         2d5       75%         2
 Searing Ray              Conj           0%         2d4       75%         2
 Confusing Touch          Hex            0%         N/A       93%         3
 Frozen Ramparts          Ice            0%         1d1       93%         3
 Hailstorm                Conj/Ice       0%         3d5       93%         3
 Sigil of Binding         Hex            0%         N/A       93%         3
 Tukima's Dance           Hex            0%         N/A       93%         3
 Vampiric Draining        Necr           0%         2d6       93%         3
 Animate Armour           Summ/Erth      0%         N/A       100%        4
 Dimensional Bullseye     Hex/Tloc       0%         N/A       100%        4
 Dispel Undead            Necr           0%         3d6       100%        4
 Flame Wave               Conj/Fire      0%         2d4       100%        4
 Fulminant Prism          Conj/Alch      0%         3d5       100%        4
 Iskenderun's Mystic Bla  Conj/Tloc      0%         2d3       100%        4
 Summon Lightning Spire   Summ/Air       0%         N/A       100%        4
 Alistair's Intoxication  Alch           0%         N/A       100%        5
 Lee's Rapid Deconstruct  Erth           0%         3d4*      100%        5
 Plasma Beam              Fire/Air       0%         2x1d10    100%        6
 Starburst                Conj/Fire      0%         6d3       100%        6
 Summon Cactus Giant      Summ           0%         N/A       100%        6


Dungeon Overview and Level Annotations

Branches:
Dungeon (10/15)            Temple (0/1) D:5            Lair (0/5) D:9
 Bailey (visited)
    Orc: D:9-12

Altars:
Elyvilon
Fedhas
Hepliaklqana
Makhleb
Okawaru
Ru
Sif Muna
Vehumet
Xom
The Shining One

Shops:
D:3 :(

Annotations:
D:4 2 transporters, flestrin's ghost, amateur OpSh
D:6 2 transporters, bumbalina's ghost, novice OpCj
D:10 Urug


Innate Abilities, Weirdness & Mutations

Your life essence is reduced to manifest your ancestor. (-10% HP)
((You are very nimble when in or above water. (Stealth+, EV+, Speed+++)))
Your lower body shifts to a powerful aquatic tail in water.


Message History

You reach to attack!
You hit Urug but do no damage.
Publius blocks Urug's attack.
You reach to attack!
You barely miss Urug.
Publius closely misses Urug.
You reach to attack!
You hit Urug.
Urug is lightly wounded.
Urug throws a silver javelin.
The silver javelin barely misses Publius.
The silver javelin pierces through you!
You reach to attack!
You barely miss Urug.
Urug is lightly wounded.
Urug throws a silver javelin.
The silver javelin pierces through Publius!!
The silver javelin closely misses you.
Publius closely misses Urug.
You reach to attack!
You hit Urug but do no damage.
Urug is lightly wounded.
Urug throws a silver javelin.
The silver javelin barely misses Publius.
The silver javelin misses you.
You reach to attack!
You hit Urug but do no damage.
Urug is lightly wounded.
Publius closely misses Urug.
Urug hits Publius with a +5 great mace of protection!
Publius is destroyed!
You reach to attack!
You puncture Urug!
Urug is moderately wounded.
Urug zaps a wand.
Your will is overpowered!
You are confused.
Urug hits you with a +5 great mace of protection!!
You puncture Urug!
Urug is heavily wounded.
Urug throws a silver javelin.
The silver javelin barely misses you.
You're too confused to move!
Urug throws a silver javelin.
The silver javelin closely misses you.
Urug throws a silver javelin.
The silver javelin completely misses you.
You feel less confused. You block Urug's attack.
Urug hits you with a +5 great mace of protection!!
You die...
Urug screams, "Revenge at last!"

##..# #... ##..### ...#
##.....####..##
##.........#...#
##...........#..##
##..#.............#
#..##..........#..#
..###.####............##
.....## #......@..)#..#
##.o## #.....o...<#..##
#... ##.........##..#
.... #........###..##
.... ##.......# ##..#
.... ##.....## #..# ....
###..## ##.## .##. ####
#..# #..##


You could see Urug.

Vanquished Creatures
  Erolcha (D:10)
  A two-headed ogre (D:10)
  Maurice (D:8)
  A komodo dragon (D:9)
  Sigmund (D:6)
  5 yaks
  2 wraiths
  A wyvern (D:9)
  Grum (Bailey)
  A steam dragon (D:6)
  Duvessa (D:6)
  2 orc warriors
  2 ice beasts
  A sky beast (D:8)
  2 black bears
  4 wolves (Bailey)
  4 phantoms
  A kobold brigand (D:9)
  5 bullfrogs
  2 gnoll sergeants
  3 scorpions
  3 wights (D:8)
  Dowan (D:6)
  5 hounds
  2 jellies
  3 orc priests
  4 gnoll boudas
  2 iguanas
  Jessica (D:2)
  5 orc wizards
  Natasha (twice) (D:2)
  17 gnolls
  4 adders
  2 white imps
  2 ufetubi (D:7)
  4 worms
  A dart slug (D:2)
  24 orcs
  8 ball pythons
  3 bats
  5 endoplasms
  7 goblins
  8 hobgoblins
  3 quokkas
  3 frilled lizards
  14 kobolds
  6 rats
181 creatures vanquished.

Vanquished Creatures (collateral kills)
  Psyche (D:8)
  A wyvern (D:9)
  A yak (D:10)
  A steam dragon (D:8)
  2 water moccasins
  An orc warrior (D:9)
  A sky beast (D:6)
  An ogre (D:7)
  2 wolves (Bailey)
  2 centaurs
  A phantom (D:6)
  6 gnoll sergeants (Bailey)
  2 kobold brigands
  A scorpion (D:6)
  A wight (D:8)
  A bombardier beetle (D:4)
  3 gnoll boudas (Bailey)
  3 orc priests
  A sleepcap (D:6)
  An iguana (D:6)
  3 orc wizards (D:10)
  12 gnolls
  A white imp (D:8)
  13 orcs
  A hobgoblin (D:1)
  7 kobolds (D:9)
  A rat (D:1)
71 creatures vanquished.

Vanquished Creatures (others)
  A centaur (D:8)
  5 knights
  A hobgoblin (D:1)
  A kobold (D:1)
8 creatures vanquished.

Grand Total: 260 creatures vanquished

Notes
Turn   | Place    | Note
-------+----------+-------------------------------------------
     0 | D:1      | inmateoo the Merfolk Artificer began the quest for the Orb.
     0 | D:1      | Reached XP level 1. HP: 15/15 MP: 1/1
   128 | D:1      | Reached XP level 2. HP: 10/22 MP: 2/2
   502 | D:1      | Reached XP level 3. HP: 28/29 MP: 3/3
  1072 | D:2      | Reached skill level 1 in Polearms
  1072 | D:2      | Reached XP level 4. HP: 9/37 MP: 4/4
  1584 | D:2      | Noticed Natasha
  1594 | D:2      | Killed Natasha
  1595 | D:2      | Reached skill level 2 in Polearms
  1783 | D:2      | Noticed Jessica
  1786 | D:2      | Killed Jessica
  1787 | D:2      | Reached XP level 5. HP: 43/43 MP: 5/5
  1826 | D:2      | Found a shimmering altar of Xom.
  1834 | D:2      | Noticed Natasha
  1840 | D:2      | Killed Natasha
  1841 | D:2      | Reached skill level 3 in Polearms
  2355 | D:3      | Found a shimmering blue altar of Sif Muna.
  2355 | D:3      | Found an iron altar of Okawaru.
  2359 | D:3      | Found a white marble altar of Elyvilon.
  2439 | D:3      | Found Qaablaz's Book Shoppe.
  2522 | D:3      | Found Sonid's Weapon Emporium.
  2544 | D:3      | Found a radiant altar of Vehumet.
  2579 | D:3      | Found a burning altar of Makhleb.
  2581 | D:3      | Found a blossoming altar of Fedhas.
  2727 | D:3      | Found a hazy altar of Hepliaklqana.
  2731 | D:3      | Found a faded altar of an unknown god.
  2789 | D:3      | Became a worshipper of Hepliaklqana the Forgotten
  2898 | D:4      | Found a transporter.
  2898 | D:4      | Noticed flestrin's ghost (amateur OpSh)
  2904 | D:4      | Found a transporter.
  3047 | D:4      | Reached skill level 5 in Fighting
  3047 | D:4      | Reached skill level 4 in Polearms
  3047 | D:4      | Reached XP level 6. HP: 35/51 MP: 6/6
  3258 | D:4      | Noticed a black bear
  3303 | D:3      | Killed a black bear
  3304 | D:3      | Reached skill level 1 in Armour
  3411 | D:4      | Found a sacrificial altar of Ru.
  3494 | D:4      | Reached skill level 5 in Polearms
  3548 | D:4      | Reached XP level 7. HP: 38/57 MP: 7/7
  3870 | D:4      | Found a glowing golden altar of the Shining One.
  3912 | D:5      | Entered Level 5 of the Dungeon
  3948 | D:5      | Reached * piety under Hepliaklqana
  4062 | D:5      | Reached skill level 1 in Invocations
  4177 | D:5      | Reached skill level 6 in Polearms
  4472 | D:5      | Found a staircase to the Ecumenical Temple.
  4600 | D:5      | Reached XP level 8. HP: 56/57 MP: 9/9
  4734 | D:6      | Found a transporter.
  4734 | D:6      | Reached ** piety under Hepliaklqana
  4734 | D:6      | Noticed a yak
  4735 | D:6      | Remembered your ancestor Publius as a knight
  4737 | D:6      | Noticed bumbalina's ghost (novice OpCj)
  4888 | D:6      | Reached skill level 7 in Polearms
  4939 | D:6      | Reached skill level 5 in Dodging
  5150 | D:6      | Reached skill level 8 in Polearms
  5292 | D:6      | Noticed Sigmund
  5299 | D:6      | Killed Sigmund
  5300 | D:6      | Reached skill level 9 in Polearms
  5331 | D:6      | Found a transporter.
  5758 | D:6      | Reached XP level 9. HP: 62/62 MP: 10/10
  5798 | D:6      | Reached skill level 10 in Polearms
  5841 | D:6      | Noticed Duvessa
  5841 | D:6      | Noticed Dowan
  5854 | D:6      | Killed Duvessa
  5863 | D:6      | Killed Dowan
  6080 | D:6      | You fall into a shaft and drop 2 floors!
  6312 | D:7      | Reached *** piety under Hepliaklqana
  6400 | D:7      | Identified the +7 mace "Meghu" {freeze, *Noise rF++ rN+++
                  | Str-5}
  7498 | D:8      | Reached skill level 1 in Shields
  7550 | D:8      | Noticed Psyche
  7551 | D:8      | HP: 3/63 [centaur/arrow (6)]
  7564 | D:8      | Killed Psyche
  7565 | D:8      | Reached XP level 10. HP: 28/69 MP: 12/12
  7831 | D:8      | Reached skill level 11 in Polearms
  7856 | D:8      | Noticed Maurice
  7873 | D:8      | Killed Maurice
  8071 | D:9      | Found a shimmering altar of Xom.
  8301 | D:9      | Found a flagged portal.
  8312 | Bailey   | Entered a bailey
  8312 | Bailey   | Reached **** piety under Hepliaklqana
  8710 | Bailey   | Reached skill level 5 in Invocations
  8947 | Bailey   | Reached skill level 10 in Dodging
  9189 | Bailey   | Noticed Grum
  9197 | Bailey   | Killed Grum
  9198 | Bailey   | Reached XP level 11. HP: 46/77 MP: 13/15
  9326 | Bailey   | Identified the ring "Deodgh" {rPois rC- MP+9 Int+9}
  9816 | D:9      | Found a staircase to the Lair.
 10086 | D:10     | Entered Level 10 of the Dungeon
 10384 | D:10     | Reached skill level 12 in Polearms
 10433 | D:10     | Noticed Erolcha
 10443 | D:10     | Killed Erolcha
 10535 | D:10     | Noticed a two-headed ogre
 10544 | D:10     | Killed a two-headed ogre
 10614 | D:10     | Noticed Urug
 10675 | D:10     | Slain by Urug

Illustrated notes

Levels and vault maps discovered:
D:1:      minmay_arrival_statue_studded, layout_rooms, hex_intersection
D:2:      layout_basic, basic_altar, uniq_jessica, uniq_natasha
D:3:      layout_rooms, beargit_hepliaklqana_dungeon_heroes,
          grunt_temple_overflow_open, serial_shops, shop_fountains,
          nicolae_diamond_shop
D:4:      layout_loops_ring, tso_altar, nicolae_ru_the_path_less_chosen,
          gammafunk_ghost_mausoleum, minmay_statues_item, minmay_bisected
D:5:      layout_basic, minmay_temple_entry_fiery
D:6:      kb_forest_paths, layout_gridville, gammafunk_ghost_arena,
          patterned_corridor, uniq_duvessa, uniq_sigmund
D:7:      layout_basic
D:8:      layout_rooms, kennysheep_dice, uniq_psyche, uniq_maurice
D:9:      layout_irregular_city, lemuel_crystal_altar,
          grunt_lair_entry_orc_guard_hut, enter_bailey_2
D:10:     layout_cave_pods, david_orc_1_choice, uniq_urug, uniq_erolcha

Skill      XL: |  1  2  3  4  5  6  7  8  9 10 11 |
---------------+----------------------------------+-----
Fighting       | 2 3 4 5 6 8 |  8.5
Polearms       | 1 2 4 5 6 9 10 11 12 | 12.2
Dodging        | 3 4 7 9 10 | 10.7
Armour         | 1 2 3 4 |  4.5
Invocations    | 2 3 5 6 |  6.0
Stealth        | 3 |  3.0
Shields        | 1 3 4 |  4.7
Evocations     | |  3.0

Action                     |  1- 3 |  4- 6 |  7- 9 | 10-12 || total
---------------------------+-------+-------+-------+-------++-------
  Melee: Hand axe          |    60 |       |       |       ||    60
         Club              |     5 |       |       |       ||     5
         Punch             |     2 |       |     1 |       ||     3
         Short sword       |    18 |   141 |       |       ||   159
         Dagger            |     8 |       |       |       ||     8
         Trident           |       |    60 |   215 |       ||   275
         Spear             |       |       |    67 |   318 ||   385
         Tailslap          |       |       |       |     2 ||     2
 Invoke: Ancestor Life: Kn |       |       |     1 |       ||     1
         Recall Ancestor   |       |       |     1 |     1 ||     2
  Evoke: Wand              |     5 |     3 |       |     2 ||    10
    Use: Scroll            |       |     7 |     4 |     5 ||    16
         Potion            |       |       |     1 |       ||     1
   Stab: Sleeping          |       |     1 |     2 |     3 ||     6
         Distracted        |       |       |     3 |     5 ||     8
 Armour: Leather armour    |    81 |    17 |       |       ||    98
         Ring mail         |       |   105 |   102 |   118 ||   325
  Dodge: Dodged            |    88 |    89 |    86 |   120 ||   383
  Block: Buckler           |       |       |     1 |    58 ||    59

Table legend: (Time is in decaauts)
 A = Elapsed time spent in this place.
 B = Non-inter-level travel time spent in this place.
 C = Inter-level travel time spent in this place.
 D = Time resting spent in this place.
 E = Time spent auto-exploring this place.
 F = Levels seen in this place.
 G = Mean time per level.
                   A        B        C        D        E       F      G
               +--------+--------+--------+--------+--------+-----+--------+
         Total |  10579 |  10244 |    335 |   3124 |   5005 |  11 |  961.7 |
       Dungeon |   9542 |   9207 |    335 |   2508 |   4917 |  10 |  954.2 |
        Bailey |   1037 |   1037 |      0 |    615 |     88 |   1 | 1037.0 |
               +--------+--------+--------+--------+--------+-----+--------+

Top non-repeatable levels by time:
     D:6: 1564 daAuts
     D:2: 1299 daAuts
     D:1: 1072 daAuts
  Bailey: 1037 daAuts
     D:4: 982 daAuts
     D:9: 975 daAuts
     D:7: 954 daAuts
     D:5: 814 daAuts
     D:8: 744 daAuts
     D:3: 579 daAuts
    D:10: 554 daAuts
